 Dungeon Crawl Stone Soup version 0.21.0 (webtiles) character file.

80479 Megalobster the Severer (level 15, -6/138 HPs)
             Began as a Minotaur Berserker on Jan 7, 2018.
             Was a Priest of Trog.
             Drowned by a water nymph (11 damage)
             ... on level 2 of the Shoals.
             The game lasted 02:45:33 (24843 turns).

Megalobster the Severer (Minotaur Berserker)       Turns: 24843, Time: 02:45:35

Health: -6/138     AC: 22    Str: 29    XL:     15   Next: 24%
Magic:  6/6        EV: 21    Int:  9    God:    Trog [***...]
Gold:   1273       SH:  0    Dex: 14    Spells: 14/14 levels left

rFire    + . .     SeeInvis .   a - +4 executioner's axe (antimagic)
rCold    + . .     Gourm    .   (shield currently unavailable)
rNeg     . . .     Faith    .   R - +1 chain mail {rC+}
rPois    .         Spirit   .   (helmet restricted)
rElec    .         Reflect  .   o - scarf {repulsion}
rCorr    .         Harm     .   Y - +4 pair of gloves of the Ten Yaks {rF+ rC- Int+5}
MR       ++++.                  Z - +1 pair of boots {Fly}
Stlth    ..........             x - amulet of regeneration
HPRegen  1.73/turn              F - ring of protection from cold
MPRegen  0.10/turn              v - ring of protection from magic

@: agile, about to teleport, berserk cooldown, mesmerised, regenerating, slowed,
repel missiles, very slow
A: retaliatory headbutt, horns 2
a: Berserk, Trog's Hand, Burn Spellbooks, Renounce Religion, Evoke Flight


You were on level 2 of the Shoals.
You worshipped Trog.
Trog was most pleased with you.
You were full.

You visited 4 branches of the dungeon, and saw 22 of its levels.

You collected 2288 gold pieces.
You spent 1015 gold pieces at shops.

Inventory:

Hand Weapons
 a - a +4 antimagic executioner's axe (weapon)
 b - a +2 mace of protection
Missiles
 d - 38 tomahawks (quivered)
 O - 8 silver tomahawks
Armour
 j - +0 acid dragon scales
 o - a scarf of repulsion (worn)
 z - a +1 pair of gloves
 N - a +2 chain mail of fire resistance
 R - a +1 chain mail of cold resistance (worn)
 Y - the +4 pair of gloves of the Ten Yaks (worn) {rF+ rC- Int+5}
   (You bought it in a shop on level 2 of the Orcish Mines)

   It affects your intelligence (+5).
   It protects you from fire.
   It makes you vulnerable to cold.
 Z - a +1 pair of boots of flying (worn)
Jewellery
 v - a ring of protection from magic (right hand)
 x - an amulet of regeneration (around neck)
 F - a ring of protection from cold (left hand)
 J - an uncursed ring of see invisible
Wands
 q - a wand of digging (10)
 s - a wand of flame (18)
 w - a wand of iceblast (25)
 X - a wand of paralysis (9)
Scrolls
 i - a scroll of silence
 l - 4 scrolls of magic mapping
 t - a scroll of brand weapon {unknown}
 y - 16 scrolls of teleportation
 A - 8 scrolls of remove curse
 C - 2 scrolls of fog
 D - 2 scrolls of fear
 H - 3 scrolls of enchant armour
 L - 2 scrolls of torment
 M - a scroll of enchant weapon {unknown}
 Q - a scroll of holy word {unknown}
 S - 2 scrolls of immolation
 T - 3 scrolls of blinking
 U - a scroll of vulnerability {unknown}
Potions
 e - a potion of cancellation
 f - a potion of magic {unknown}
 g - 5 potions of brilliance
 h - 4 potions of agility
 k - 2 potions of ambrosia
 m - 2 potions of lignification
 n - 6 potions of curing
 r - 2 potions of resistance
 B - 5 potions of flight
 G - 2 potions of haste
 V - a potion of degeneration {unknown}
Miscellaneous
 E - a phial of floods (inert)
Comestibles
 c - 23 rations


   Skills:
 + Level 14.0 Fighting
 * Level 18.6 Axes
 + Level 13.8 Armour
 + Level 12.8 Dodging
 + Level 8.3 Evocations


You had 14 spell levels left.
You didn't know any spells.

Dungeon Overview and Level Annotations

Branches:
Dungeon (12/15)            Temple (0/1) D:4            Lair (6/6) D:10
 Shoals (2/4) Lair:4       Spider (0/4) Lair:4        Slime (0/5) Lair:6
    Orc (2/2) D:11            Elf (0/3) Orc:2

Altars:
Elyvilon
Kikubaaqudgha
Nemelex Xobeh
Qazlal
Trog
Vehumet
Wu Jian
Zin
The Shining One
Beogh

Shops:
D:9 %   D:11 [   Orc:2 ?[[}

Annotations:
Lair:3 exclusion: 2 oklob plants


Innate Abilities, Weirdness & Mutations

You reflexively headbutt those who attack you in melee.
You have a pair of horns on your head.


Message History

The merfolk avatar is heavily wounded.
You slice the water nymph!!
The water nymph's magic leaks into the air.
The merfolk aquamancer seems to regain its courage.
The merfolk avatar chants its luring song.
The merfolk aquamancer gestures wildly while chanting.
The merfolk aquamancer blinks!
The water nymph casts a spell at you. The water swirls and strikes you!
* * * LOW HITPOINT WARNING * * *
The merfolk avatar chants its luring song.
A merfolk comes into view. It is wielding a trident.
As you read the scroll of teleportation, it crumbles to dust.
You feel strangely unstable. The water nymph touches you.
The water nymph drowns you!
* * * LOW HITPOINT WARNING * * *
The merfolk avatar chants its luring song.
The merfolk aquamancer completely misses you.
The water nymph touches you. The water nymph drowns you!
You die...

.###.≈≈≈≈≈≈≈≈≈≈
....≈≈≈≈≈≈≈≈≈≈≈≈
.(.≈≈≈≈≈≈≈≈≈≈≈≈≈≈
≈≈≈≈≈≈≈≈≈≈≈≈≈≈≈≈≈≈
≈≈≈≈≈≈≈≈≈≈≈≈≈≈≈≈≈≈
≈≈≈≈≈≈≈≈≈≈≈≈≈≈≈≈≈≈
≈≈≈≈≈≈m≈≈≈≈≈≈§≈≈≈≈
≈≈m≈≈≈≈@≈≈≈≈≈≈≈≈≈≈
≈≈≈≈≈≈≈mm≈≈≈≈≈≈≈≈≈
≈≈≈≈≈≈≈≈)≈≈≈≈≈≈≈.≈
≈≈≈≈≈≈≈≈≈≈<≈≈≈≈.≈≈
.≈≈≈≈≈≈≈≈≈≈≈.≈≈≈≈≈
#.........≈≈≈≈≈.#.
###.......≈≈≈.>##
#####...≈≈≈....
....≈≈≈≈....


You could see a merfolk avatar, a merfolk aquamancer, a merfolk and a water
nymph.

Vanquished Creatures
  Rupert (Lair:3)
  The ghost of feelmyfire the Cleaver, a journeyman DsAK of Lugonu (Lair:6)
  A merfolk impaler (Shoals:1)
  2 ettins (Orc:1)
  Josephine (Orc:1)
  The ghost of nht the Grappler, a journeyman TrFi of Okawaru (D:10)
  Erolcha (Orc:2)
  Harold (Lair:4)
  2 hydras
  2 ogre magi (Orc:2)
  A satyr (Shoals:2)
  A merfolk avatar (Shoals:1)
  An alligator snapping turtle (Shoals:1)
  3 two-headed ogres
  3 death yaks (D:10)
  Nergalle (Orc:2)
  An orc high priest (Orc:1)
  3 sea snakes
  2 orc knights (Orc:1)
  10 deep elf magi
  4 harpies (Shoals:1)
  An ugly thing (D:11)
  An oklob plant (Shoals:1)
  A wolf spider (Lair:1)
  A cyclops (D:10)
  3 fauns (Shoals:2)
  3 manticores
  6 orc sorcerers (Orc:2)
  16 elephants
  Joseph (D:7)
  Maurice (D:10)
  7 merfolk sirens
  3 water nymphs (Shoals:1)
  4 black mambas
  Psyche (D:11)
  5 rime drakes
  13 spiny frogs
  A kobold demonologist (D:11)
  8 komodo dragons
  3 trolls
  7 merfolk
  3 polar bears (Lair:6)
  A wind drake (Lair:6)
  18 blink frogs
  2 hornets (Lair:6)
  7 hippogriffs
  5 dream sheep (Lair:6)
  3 snapping turtles
  A shadow (D:11)
  22 yaks
  3 hogs (D:9)
  4 wyverns
  A human (D:9)
  2 water elementals (Shoals:2)
  3 wraiths (Orc:1)
  2 basilisks
  Eustachio (D:4)
  2 hungry ghosts
  An acid dragon (D:11)
  A porcupine (Lair:4)
  22 orc warriors
  20 water moccasins
  3 ice beasts
  4 phantoms
  A sky beast (D:9)
  8 ogres
  The ghost of feelmyfire the Skirmisher, an amateur DsAK of Lugonu (D:3)
  5 centaurs
  8 wolves
  16 crocodiles
  15 bullfrogs
  A water moccasin zombie (D:6)
  5 scorpions
  29 killer bees
  4 howler monkeys
  3 wights (D:6)
  7 crimson imps
  2 quasits
  10 orc priests
  3 hounds
  A gnoll shaman (D:7)
  36 orc wizards
  Terence (D:3)
  4 iguanas
  10 worker ants
  A killer bee zombie (D:6)
  2 hound skeletons
  2 worker ant zombies
  13 gnolls
  21 adders
  2 river rats (D:10)
  An adder skeleton (D:7)
  3 worms
  4 dart slugs
  10 leopard geckos
  86 orcs
  4 ball pythons
  12 bats
  5 giant cockroaches
  10 goblins
  11 hobgoblins
  22 jackals
  7 quokkas
  4 frilled lizards
  10 kobolds
  4 rats
  A bush (Lair:4)
  A fungus (Lair:6)
  3 plants
669 creatures vanquished.

Vanquished Creatures (collateral kills)
  4 hydras
  A merfolk avatar (Lair:6)
  A spiny frog (Lair:3)
  2 wyverns (Lair:3)
  3 yaks (Lair:3)
  A crocodile (Lair:3)
  A killer bee (Lair:3)
13 creatures vanquished.

Vanquished Creatures (others)
  A gnoll (Orc:2)
  24 fungi
  43 plants
68 creatures vanquished.

Grand Total: 750 creatures vanquished

Notes
Turn   | Place    | Note
-------+----------+-------------------------------------------
     0 | D:1      | Megalobster the Minotaur Berserker began the quest for the Orb.
     0 | D:1      | Reached XP level 1. HP: 19/19 MP: 0/0
   189 | D:1      | Reached XP level 2. HP: 27/27 MP: 1/1
   209 | D:1      | Reached skill level 4 in Axes
   365 | D:1      | Reached XP level 3. HP: 11/33 MP: 2/2
   795 | D:2      | Reached ** piety under Trog
  1162 | D:2      | Reached XP level 4. HP: 35/40 MP: 3/3
  1167 | D:2      | Found an ancient bone altar of Kikubaaqudgha.
  1502 | D:2      | Found a glowing silver altar of Zin.
  1502 | D:2      | Found a glowing golden altar of the Shining One.
  1502 | D:2      | Found a white marble altar of Elyvilon.
  1557 | D:2      | Reached skill level 5 in Axes
  2065 | D:2      | Found a stormy altar of Qazlal.
  2517 | D:3      | Reached XP level 5. HP: 28/47 MP: 4/4
  2744 | D:3      | You fall through a shaft!
  2908 | D:3      | Reached *** piety under Trog
  2928 | D:3      | Noticed feelmyfire's ghost (amateur DsAK)
  2972 | D:3      | Killed feelmyfire's ghost
  2972 | D:3      | Reached XP level 6. HP: 55/55 MP: 5/5
  3028 | D:3      | Noticed Terence
  3038 | D:3      | Killed Terence
  3038 | D:3      | Reached skill level 5 in Fighting
  3038 | D:3      | Reached skill level 6 in Axes
  3245 | D:3      | Found a sparkling altar of Nemelex Xobeh.
  3247 | D:3      | Found an ornate altar of the Wu Jian Council.
  3416 | D:4      | Found a staircase to the Ecumenical Temple.
  3443 | D:4      | Noticed Eustachio
  3454 | D:4      | Killed Eustachio
  4068 | D:4      | Reached XP level 7. HP: 60/61 MP: 6/6
  4553 | D:5      | Entered Level 5 of the Dungeon
  4690 | D:5      | Reached skill level 7 in Axes
  5220 | D:5      | Reached skill level 5 in Armour
  5350 | D:5      | Got a bloodstained leather armour
  5369 | D:5      | Identified the cursed +1 leather armour of the Lost Path {-Cast +Blink Int+2 Slay+2} (You found it on level 5 of the Dungeon)
  5576 | D:6      | Reached skill level 8 in Axes
  5580 | D:6      | Reached XP level 8. HP: 70/70 MP: 7/7
  5784 | D:6      | Reached skill level 5 in Dodging
  5788 | D:6      | Reached **** piety under Trog
  6086 | D:6      | Found a bloodstained altar of Trog.
  6110 | D:6      | Reached skill level 9 in Axes
  6192 | D:6      | Got a faintly glowing silver amulet
  6193 | D:6      | Identified the amulet "Goesch" {Regen+ Int+2 Dex+5 Slay-2} (You found it on level 6 of the Dungeon)
  6994 | D:7      | Reached XP level 9. HP: 79/79 MP: 8/8
  7157 | D:7      | Noticed Joseph
  7178 | D:7      | Killed Joseph
  7178 | D:7      | Reached skill level 10 in Axes
  7531 | D:7      | Found a bloodstained altar of Trog.
  7908 | D:8      | Reached skill level 11 in Axes
  7924 | D:8      | Noticed a two-headed ogre
  7933 | D:8      | Killed a two-headed ogre
  7933 | D:8      | Reached XP level 10. HP: 81/90 MP: 9/9
  8231 | D:9      | Found Fedueton's Food Boutique.
  8551 | D:9      | Reached skill level 12 in Axes
  8699 | D:9      | Reached ***** piety under Trog
  9158 | D:10     | Entered Level 10 of the Dungeon
  9163 | D:10     | Noticed a cyclops
  9178 | D:10     | Killed a cyclops
  9403 | D:10     | Noticed a death yak
  9403 | D:10     | Noticed a death yak
  9406 | D:10     | Noticed a death yak
  9411 | D:10     | Killed a death yak
  9411 | D:10     | Reached skill level 13 in Axes
  9411 | D:10     | Reached XP level 11. HP: 67/99 MP: 10/10
  9415 | D:10     | Killed a death yak
  9415 | D:10     | Reached skill level 10 in Fighting
  9420 | D:10     | Killed a death yak
  9666 | D:10     | Found a staircase to the Lair.
  9737 | D:10     | Noticed Maurice
  9752 | D:10     | Killed Maurice
  9950 | D:10     | Noticed nht's ghost (journeyman TrFi)
  9962 | D:10     | Killed nht's ghost
 10068 | D:10     | Noticed a two-headed ogre
 10082 | D:10     | Killed a two-headed ogre
 10082 | D:10     | Reached skill level 10 in Armour
 10578 | Lair:1   | Entered Level 1 of the Lair of Beasts
 10872 | Lair:1   | Noticed a wolf spider
 10877 | Lair:1   | Received a gift from Trog
 10928 | Lair:1   | Killed a wolf spider
 10928 | Lair:1   | Reached skill level 14 in Axes
 12235 | Lair:2   | Reached XP level 12. HP: 76/110 MP: 11/11
 12426 | Lair:2   | Reached skill level 10 in Dodging
 12546 | Lair:2   | Noticed an eight-headed hydra
 12555 | Lair:2   | Killed an eight-headed hydra
 12620 | Lair:2   | Reached skill level 15 in Axes
 13235 | Lair:3   | Noticed a five-headed hydra
 13242 | Lair:3   | Killed a five-headed hydra
 13278 | Lair:3   | Reached skill level 1 in Evocations
 13371 | Lair:3   | Noticed an eight-headed hydra
 13380 | Lair:3   | Killed an eight-headed hydra
 13687 | Lair:3   | Noticed Rupert
 13694 | Lair:3   | Killed Rupert
 14046 | Lair:3   | Received a gift from Trog
 14211 | Lair:3   | Noticed an eight-headed hydra
 14218 | Lair:3   | Killed an eight-headed hydra
 14393 | Lair:3   | Reached XP level 13. HP: 116/118 MP: 14/14
 15084 | Lair:4   | Reached skill level 16 in Axes
 15102 | Lair:4   | Noticed Harold
 15249 | Lair:4   | Killed Harold
 15483 | Lair:4   | Found a hole to the Spider Nest.
 15499 | Lair:4   | Found a staircase to the Shoals.
 15569 | Lair:4   | Reached skill level 5 in Evocations
 16648 | Lair:6   | Entered Level 6 of the Lair of Beasts
 17466 | Lair:6   | Noticed feelmyfire's ghost (journeyman DsAK)
 17478 | Lair:6   | Killed feelmyfire's ghost
 17706 | Lair:6   | Reached skill level 17 in Axes
 17899 | Lair:6   | Reached XP level 14. HP: 127/127 MP: 17/17
 18458 | Lair:6   | Found a staircase to the Slime Pits.
 18903 | D:11     | Noticed Psyche
 18911 | D:11     | Killed Psyche
 19153 | D:11     | Found a staircase to the Orcish Mines.
 19354 | D:11     | Found Foixt's Armour Shoppe.
 20382 | Orc:1    | Entered Level 1 of the Orcish Mines
 20738 | Orc:2    | Entered Level 2 of the Orcish Mines
 20751 | Orc:1    | Noticed Josephine
 20762 | Orc:1    | Killed Josephine
 21112 | Orc:2    | Received a gift from Trog
 21229 | Orc:2    | Found a staircase to the Elven Halls.
 21945 | Orc:2    | Reached skill level 18 in Axes
 21956 | Orc:2    | Found Kusmenipt's Magic Scroll Shop.
 22263 | Orc:2    | Bought a scroll of silence for 97 gold pieces
 22263 | Orc:2    | Bought a scroll of fog for 26 gold pieces
 22263 | Orc:2    | Bought a scroll of blinking for 97 gold pieces
 22263 | Orc:2    | Bought a scroll of identify for 26 gold pieces
 22263 | Orc:2    | Bought a scroll of identify for 26 gold pieces
 22263 | Orc:2    | Bought a scroll of identify for 26 gold pieces
 22275 | Orc:2    | Paralysed by an orc sorcerer for 4 turns
 22281 | Orc:2    | Found a radiant altar of Vehumet.
 22319 | Orc:2    | Noticed Erolcha
 22325 | Orc:2    | Killed Erolcha
 22483 | Orc:2    | Noticed Nergalle
 22483 | Orc:2    | Found Enyethy's Antique Armour Boutique.
 22491 | Orc:2    | Killed Nergalle
 22513 | Orc:2    | Bought a pair of glowing boots for 225 gold pieces
 22520 | Orc:2    | Found an ancient bone altar of Kikubaaqudgha.
 22795 | Orc:2    | Found a roughly hewn altar of Beogh.
 22796 | Orc:2    | Found Ubbetyda's Antique Armour Boutique.
 22818 | Orc:2    | Found Nuekhleoj's Gadget Shop.
 22836 | Orc:2    | Bought a pair of smoking gloves for 275 gold pieces
 22846 | Orc:2    | Identified the +4 pair of gloves of the Ten Yaks {rF+ rC- Int+5} (You bought it in a shop on level 2 of the Orcish Mines)
 22846 | Orc:2    | Bought a pair of runed boots for 217 gold pieces
 23209 | Shoals:1 | Entered Level 1 of the Shoals
 23761 | Shoals:1 | Reached XP level 15. HP: 93/137 MP: 6/20
 24843 | Shoals:2 | HP: 5/138 [drowned by a water nymph (13)]
 24843 | Shoals:2 | Drowned by a water nymph

Skill      XL: |  1  2  3  4  5  6  7  8  9 10 11 12 13 14 15 |
---------------+----------------------------------------------+-----
Axes           | 4 5 6 8 9 11 13 14 15 17 18 | 18.6
Fighting       | 4 5 6 7 8 9 11 12 13 14 | 14.0
Armour         | 3 4 5 6 8 9 10 11 12 13 | 13.8
Dodging        | 3 4 6 7 8 9 10 11 12 | 12.8
Evocations     | 3 6 8 |  8.3

Action                   |  1- 3 |  4- 6 |  7- 9 | 10-12 | 13-15 || total
-------------------------+-------+-------+-------+-------+-------++-------
Melee: Hand axe          |    69 |   153 |    57 |       |       ||   279
       Headbutt          |    10 |    35 |    36 |    81 |   164 ||   326
       Battleaxe         |       |       |   141 |   380 |   490 ||  1011
       Mace              |       |       |       |     8 |     5 ||    13
       Executioner's axe |       |       |       |       |   266 ||   266
Throw: Tomahawk          |       |       |       |       |     5 ||     5
Invok: Berserk           |     2 |     6 |    11 |    15 |    23 ||    57
       Trog's Hand       |       |     5 |     5 |    10 |    34 ||    54
       Burn Spellbooks   |       |     1 |     3 |     3 |     3 ||    10
       Brothers in Arms  |       |       |       |     4 |     4 ||     8
 Abil: Evoke Blink       |       |       |     1 |       |     1 ||     2
       Stop Flying       |       |       |       |       |     1 ||     1
Evoke: Wand              |       |       |       |       |     5 ||     5
       Phial of floods   |       |       |       |       |     1 ||     1
  Use: Scroll            |       |       |     7 |     3 |    14 ||    24
       Potion            |       |       |       |     1 |     4 ||     5
  Eat: Chunk             |     2 |    14 |    16 |    31 |    37 ||   100
       Ration            |       |     1 |     2 |     4 |    11 ||    18
Armor: Animal skin       |     8 |    24 |       |       |       ||    32
       Chain mail        |       |    23 |    18 |       |   288 ||   329
       Leather armour    |       |       |    39 |    74 |    16 ||   129
       Skin              |       |       |       |       |     7 ||     7
Dodge: Dodged            |    43 |    87 |   124 |   319 |   460 ||  1033
       Deflected         |       |     2 |     4 |     5 |    20 ||    31
